 Dungeon Crawl Stone Soup version 0.29.1-13-g9f3cf754e1 (webtiles) character file.

Game seed: 15146250170474761187

87102 sankara the Severer (level 15, -3/144 HPs)
             Began as a Hill Orc Fighter on Feb 1, 2023.
             Was an Initiate of Gozag.
             Slain by Rupert
             ... wielding a +2 great mace of venom
              (34 damage)
             ... on level 15 of the Dungeon on Feb 2, 2023.
             The game lasted 02:11:20 (29588 turns).

sankara the Severer (Hill Orc Fighter)             Turns: 29588, Time: 02:11:21

Health: -3/144     AC: 33    Str: 31    XL:     15   Next: 89%
Magic:  24/24      EV: 12    Int: 10    God:    Gozag
Gold:   2051       SH: 13    Dex: 14    Spells: 14/14 levels left

rFire   . . .      SeeInvis .   b - +1 broad axe (elec)
rCold   + + .      Faith    .   r - +0 kite shield {AC+3}
rNeg    . . .      Spirit   .   x - +3 plate armour {rPois}
rPois   +          Reflect  .   N - +1 helmet "Fyopp" {Drain rC++ Dex+3}
rElec   .          Harm     .   s - +0 cloak
rCorr   .          Rampage  .   L - +0 pair of gloves
Will    ++...                   k - +2 pair of boots
Stlth   ..........              B - amulet of regeneration
HPRegen 1.14/turn               C - +6 ring of strength
MPRegen 0.19/turn               f - ring "Qupi Wiu" {Will+ MP+9 Str+4 Dex-3}

@: lethally poisoned (-3 -> -25), studying Axes
A: no striking features
a: Renounce Religion, Potion Petition, Call Merchant, Bribe Branch


You were on level 15 of the Dungeon.
You worshipped Gozag.
Gozag was most pleased with you.
You visited 4 branches of the dungeon, and saw 23 of its levels.
You also visited: Sewer, Ossuary, Bailey, Ice Cave and Volcano.

You collected 7633 gold pieces.
You spent 2355 gold pieces at shops.
You paid 3227 gold pieces to Gozag.

Inventory:

Hand Weapons
 a - a +2 broad axe of protection
 b - a +1 broad axe of electrocution (weapon)
 w - a +0 demon whip of venom
Missiles
 G - 3 silver boomerangs
 M - 2 boomerangs
 Q - 5 atropa-tipped darts
 T - 7 poisoned darts (quivered)
 V - 2 throwing nets
Armour
 k - a +2 pair of boots (worn)
 r - a +0 kite shield of protection (worn)
 s - a +0 cloak (worn)
 x - a +3 plate armour of poison resistance (worn)
 L - a +0 pair of gloves (worn)
 N - the +1 helmet "Fyopp" (worn) {Drain rC++ Dex+3}
   (You bought it in a shop on level 1 of the Lair of Beasts)

   Dex:       It affects your dexterity (+3).
   rC:        It greatly protects you from cold.
   Drain:     It drains your maximum health when unequipped.
Jewellery
 f - the ring "Qupi Wiu" (right hand) {Will+ MP+9 Str+4 Dex-3}
   (You found it on level 12 of the Dungeon)

   [ring of magical power]

   Str:       It affects your strength (+4).
   Dex:       It affects your dexterity (-3).
   MP:        It affects your magic capacity (+9).
   Will:      It increases your willpower.
 o - a ring of protection from fire
 p - a ring of fire
 B - an amulet of regeneration (around neck)
 C - a +6 ring of strength (left hand)
 F - a ring of resist corrosion
 J - a ring of see invisible
 U - a ring of protection from fire
 X - a +4 ring of protection
Wands
 g - a wand of flame (10)
 m - a wand of mindburst (7)
 u - a wand of paralysis (8)
 v - a wand of light (15)
 S - a wand of roots (10)
 Y - a wand of digging (5)
Scrolls
 e - 15 scrolls of teleportation
 h - 6 scrolls of identify
 j - 3 scrolls of fog
 n - 3 scrolls of summoning
 y - 4 scrolls of poison
 O - 2 scrolls of silence
 P - 3 scrolls of fear
 R - a scroll of magic mapping
Potions
 d - 7 potions of might
 i - 6 potions of flight
 l - 14 potions of curing
 q - 6 potions of haste
 z - 4 potions of lignification
 A - a potion of invisibility
 D - 3 potions of cancellation
 H - 4 potions of resistance
 I - 9 potions of heal wounds
 K - 2 potions of mutation
Miscellaneous
 t - a box of beasts
 W - a phial of floods (inert)


   Skills:
 + Level 16.1 Fighting
 - Level 18.0 Axes
 + Level 8.9 Throwing
 - Level 17.0 Armour
 - Level 11.0 Dodging
 + Level 13.5 Shields
 - Level 7.0 Evocations


You had 14 spell levels left.
You didn't know any spells.
Your spell library contained the following spells:

 Spells                   Type           Power      Damage    Failure   Level
 Apportation              Tloc           0%         N/A       98%         1
 Freeze                   Ice            0%         1d3       98%         1
 Poisonous Vapours        Pois/Air       0%         N/A       99%         2
 Frozen Ramparts          Ice            0%         1d1       100%        3
 Ignite Poison            Fire/Tmut/Pois 0%         N/A       100%        3
 Inner Flame              Hex/Fire       0%         N/A       100%        3
 Mephitic Cloud           Conj/Pois/Air  0%         N/A       100%        3
 Tukima's Dance           Hex            0%         N/A       100%        3
 Cause Fear               Hex            0%         N/A       100%        4
 Hailstorm                Conj/Ice       0%         3d3       100%        4
 Ice Form                 Ice/Tmut       0%         N/A       100%        4
 Passage of Golubria      Tloc           0%         N/A       100%        4
 Alistair's Intoxication  Tmut/Pois      0%         N/A       100%        5
 Freezing Cloud           Conj/Ice/Air   0%         6-21      100%        5
 Summon Mana Viper        Hex/Summ       0%         N/A       100%        5
 Yara's Violent Unravell  Hex/Tmut       0%         3d3       100%        5
 Discord                  Hex            0%         N/A       100%        8
 Fire Storm               Conj/Fire      0%         5d1       100%        9
 Corpse Rot               Necr/Pois/Air  Unusable   N/A       N/A         4
 Simulacrum               Ice/Necr       Unusable   N/A       N/A         6

Dungeon Overview and Level Annotations

Branches:
Dungeon (15/15)            Temple (1/1) D:5            Lair (5/5) D:11
  Swamp (0/4) Lair:3        Snake (0/4) Lair:2        Slime (0/5) Lair:5
    Orc (2/2) D:12            Elf (0/3) Orc:2        Vaults (0/5) D:13
  Sewer (visited)         Ossuary (visited)          Bailey (visited)
  IceCv (visited)         Volcano (visited)
 Depths: D:15

Altars:
Ashenzari
Cheibriados
Dithmenos
Elyvilon
Fedhas
Gozag
Hepliaklqana
Kikubaaqudgha
Makhleb
Nemelex Xobeh
Okawaru
Qazlal
Ru
Sif Muna
Trog
Uskayaw
Vehumet
Wu Jian
Xom
Yredelemnul
Zin
The Shining One
Beogh
Lugonu

Shops:
D:4 **   D:6 :   Orc:2 !*=!   Lair:1 :[[

Portals:
Abyss: D:14 Lair:3

Annotations:
D:3 2 transporters
D:9 exclusion: 2 doors
D:14 2 transporters, Yolobob's ghost, journeyman DEFE
D:15 Rupert


Message History

Rupert hits you with a +2 great mace of venom!!
You barely miss Rupert.
Rupert is moderately wounded.
You block Rupert's attack.
You closely miss Rupert.
Rupert is moderately wounded.
Rupert hits you but does no damage. You block Rupert's attack.
You closely miss Rupert.
Rupert is moderately wounded.
You block Rupert's attack.
You slice Rupert!! Lightning courses through Rupert!
Rupert is heavily wounded.
Rupert hits you with a +2 great mace of venom.
You slash Rupert! Lightning courses through Rupert!!
Rupert is severely wounded.
Rupert barely misses you.
You hit Rupert.
Rupert is severely wounded.
Rupert hits you with a +2 great mace of venom!!
You are poisoned.
You slash Rupert!
Rupert is severely wounded.
You feel very sick.
Rupert hits you with a +2 great mace of venom!!
You are more poisoned.
Rupert hits you but does no damage.
You hit Rupert. Lightning courses through Rupert!
Rupert is almost dead.
You feel extremely sick. Rupert hits you but does no damage.
You closely miss Rupert.
Rupert is almost dead.
You feel extremely sick. You block Rupert's attack.
You hit Rupert but do no damage.
Rupert is almost dead.
You feel extremely sick.
Rupert hits you with a +2 great mace of venom!!
You die...
Your body crumbles into a pile of gold.

#......#
#......#
#......#
####'###
#......#
#......# #.
#......#
.#...#......#..
.......@.......
#...#.#@..#....
.#.#..(#.#......
..#..(..#...#...
. #.... ..#...
#.(.. ##...#
.#... ..#.
...#.# #.


You could see Rupert (berserk, very poisoned).

Vanquished Creatures
  Jorgrun (D:13)
  A stone giant (Volcano)
  Nessos (Orc:2)
  10 hydras
  A rakshasa (D:13)
  5 centaur warriors
  A boulder beetle (D:11)
  The ghost of renven the Severer, a journeyman MiBe of Trog (Orc:2)
  A catoblepas (Lair:4)
  6 orc high priests
  4 two-headed ogres
  A death yak (Lair:5)
  A tengu warrior (D:10)
  Sonja (D:10)
  Amaemon (Lair:2)
  8 skeletal warriors
  3 orc knights (Orc:2)
  A wizard (D:13)
  2 manticores
  2 deep elf pyromancers
  3 orc sorcerers
  An oklob plant (Lair:4)
  10 ugly things
  13 cane toads
  4 black mambas
  2 torpor snails
  3 ice statues (IceCv)
  3 gargoyles
  An orange demon (Lair:2)
  An efreet (D:13)
  A tengu conjurer (D:14)
  2 unseen horrors
  2 anaconda simulacra (IceCv)
  6 rime drakes
  6 komodo dragons
  2 freezing wraiths
  A kobold demonologist (D:10)
  3 meliai (D:14)
  2 polar bears
  5 hornets
  9 trolls
  12 blink frogs
  21 spriggans
  2 shadows
  A wraith (D:12)
  66 yaks
  5 wyverns
  2 fire elementals (Volcano)
  A basilisk (Lair:2)
  A vampire (D:12)
  A human (shapeshifter) (D:11)
  3 fire bats (Orc:1)
  2 steam dragons
  A redback (shapeshifter) (D:14)
  A death yak simulacrum (IceCv)
  6 vampire mosquitoes
  4 nagas (Lair:2)
  A swamp worm (Lair:3)
  4 wargs
  13 water moccasins
  3 acid dragons
  A hydra simulacrum (IceCv)
  2 ice beasts (D:6)
  37 orc warriors
  A sky beast (D:6)
  13 black bears
  2 ogres
  4 boggarts (Lair:5)
  9 centaurs
  29 wolves
  A phantom (D:5)
  An elf zombie (D:5)
  3 kobold brigands
  10 bullfrogs
  2 gnoll sergeants
  5 necrophages
  2 scorpions
  An earth elemental (Volcano)
  A hornet simulacrum (D:14)
  12 wights
  2 elephant simulacra (IceCv)
  5 spriggan skeletons (D:9)
  5 killer bees (D:9)
  6 howler monkeys
  A crimson imp (D:11)
  A troll skeleton (D:9)
  A centaur zombie (Ossuary)
  7 hounds
  4 human zombies
  A jelly (D:4)
  30 orc priests
  3 gnoll boudas
  2 iguanas
  13 orc wizards
  7 hell rats (Lair:3)
  3 wolf simulacra (IceCv)
  3 mummies (Ossuary)
  24 gnolls
  2 adders
  A shadow imp (D:7)
  A white imp (D:11)
  2 worms
  2 dart slugs
  75 orcs
  5 bats
  5 endoplasms
  6 giant cockroaches
  A gnoll zombie (Ossuary)
  8 goblins
  8 hobgoblins
  2 jackals (D:1)
  2 quokkas
  7 ball pythons
  2 frilled lizards
  A goblin zombie (Ossuary)
  A hobgoblin zombie (Ossuary)
  32 kobolds
  2 orc skeletons (D:5)
  3 orc zombies
  11 rats
  A spectral hobgoblin (D:1)
716 creatures vanquished.

Vanquished Creatures (others)
  A boggart (Lair:5)
  An orc (D:12)
  25 fungi
  A lurking horror (Lair:3)
  32 plants
  2 withered plants (Orc:2)
62 creatures vanquished.

Grand Total: 778 creatures vanquished

Notes
Turn   | Place    | Note
-------+----------+-------------------------------------------
     0 | D:1      | sankara the Hill Orc Fighter began the quest for the Orb.
     0 | D:1      | Reached XP level 1. HP: 19/19 MP: 1/1
    92 | D:1      | Reached skill level 3 in Axes
   171 | D:1      | Found a faded altar of an unknown god.
   174 | D:1      | Reached XP level 2. HP: 27/27 MP: 2/2
   535 | D:1      | Reached XP level 3. HP: 33/33 MP: 3/3
  1163 | D:2      | You fall into a shaft and drop 2 floors!
  1173 | D:4      | Found Firodwel's Specific Store.
  1175 | D:4      | Found Benn's General Store.
  2018 | D:2      | Reached skill level 4 in Axes
  2198 | D:3      | Found a hide-covered altar of Uskayaw.
  2243 | D:3      | Reached XP level 4. HP: 36/40 MP: 4/4
  2342 | D:3      | Found a transporter.
  2486 | D:3      | Found a transporter.
  2788 | D:4      | Noticed a black bear
  2913 | D:4      | Reached XP level 5. HP: 43/47 MP: 5/5
  2926 | D:4      | Reached skill level 1 in Dodging
  3222 | D:4      | Noticed a black bear
  3227 | D:4      | Killed a black bear
  3228 | D:4      | Reached skill level 5 in Axes
  3228 | D:4      | Reached skill level 1 in Evocations
  3228 | D:4      | Reached XP level 6. HP: 53/53 MP: 6/6
  3976 | D:4      | Killed a black bear
  4019 | D:5      | Entered Level 5 of the Dungeon
  4052 | D:5      | Reached skill level 5 in Fighting
  4052 | D:5      | Reached skill level 6 in Axes
  4052 | D:5      | Reached XP level 7. HP: 58/61 MP: 7/7
  4089 | D:5      | Found a sand-covered staircase.
  4108 | Ossuary  | Entered an ossuary
  4529 | Ossuary  | Reached skill level 7 in Axes
  4587 | D:5      | Reached skill level 5 in Shields
  4602 | D:5      | Found a glowing drain.
  4606 | Sewer    | Entered a sewer
  4759 | Sewer    | Identified 3 scrolls of acquirement
  4759 | Sewer    | Acquired a manual of Axes
  4774 | Sewer    | Reached skill level 5 in Armour
  4774 | Sewer    | Reached XP level 8. HP: 27/69 MP: 8/8
  4783 | Sewer    | Identified the +2 chain mail of Objectivity {Int+6}
  5191 | D:5      | Reached skill level 8 in Axes
  5326 | D:5      | Found a staircase to the Ecumenical Temple.
  5346 | Temple   | Entered the Ecumenical Temple
  5685 | Temple   | Became a worshipper of Gozag Ym Sagoz the Greedy
  5687 | Temple   | Acquired a manual of Dodging
  5689 | Temple   | Acquired a manual of Armour
  5731 | D:5      | Reached skill level 9 in Axes
  5857 | D:5      | Reached skill level 10 in Axes
  6473 | D:6      | Reached skill level 11 in Axes
  6473 | D:6      | Reached XP level 9. HP: 74/78 MP: 9/9
  6766 | D:6      | Reached skill level 12 in Axes
  7214 | D:6      | Reached skill level 13 in Axes
  7449 | D:6      | Found Deno's Self-Improvement Boutique.
  7856 | D:7      | Found a flagged portal.
  7879 | Bailey   | Entered a bailey
  8436 | Bailey   | Reached skill level 14 in Axes
  8436 | Bailey   | Reached skill level 1 in Throwing
  8436 | Bailey   | Reached skill level 5 in Dodging
  8571 | Bailey   | Reached XP level 10. HP: 88/88 MP: 10/10
  8751 | D:7      | Found an ancient bone altar of Kikubaaqudgha.
  9102 | D:7      | Identified the +1 whip of Domination {vorpal, Int+3}
  9743 | D:8      | Acquired a manual of Axes
  9859 | D:8      | Reached skill level 15 in Axes
 10215 | D:9      | Found a shadowy altar of Dithmenos.
 10217 | D:9      | Found a shimmering altar of Xom.
 10217 | D:9      | Found a sparkling altar of Nemelex Xobeh.
 10219 | D:9      | Found a burning altar of Makhleb.
 10219 | D:9      | Found a sparkling altar of Nemelex Xobeh.
 10219 | D:9      | Found a radiant altar of Vehumet.
 10488 | D:9      | Noticed a two-headed ogre
 10510 | D:9      | Killed a two-headed ogre
 10511 | D:9      | Reached skill level 16 in Axes
 10534 | D:9      | Reached skill level 10 in Armour
 10534 | D:9      | Reached XP level 11. HP: 95/95 MP: 11/11
 11857 | D:10     | Entered Level 10 of the Dungeon
 12001 | D:10     | Found an iron altar of Okawaru.
 12095 | D:10     | Noticed Sonja
 12104 | D:10     | Killed Sonja
 12254 | D:10     | Noticed a two-headed ogre
 12258 | D:10     | Noticed a manticore
 12265 | D:10     | Noticed a tengu warrior
 12299 | D:10     | Killed a two-headed ogre
 12543 | D:10     | Reached skill level 17 in Axes
 12743 | D:10     | Killed a tengu warrior
 12758 | D:10     | Killed a manticore
 13175 | D:11     | Found a staircase to the Lair.
 13644 | D:11     | Reached skill level 10 in Fighting
 13644 | D:11     | Reached XP level 12. HP: 106/106 MP: 12/12
 13930 | D:11     | Noticed a boulder beetle
 13959 | D:11     | Killed a boulder beetle
 14391 | Lair:1   | Entered Level 1 of the Lair of Beasts
 14462 | Lair:1   | Reached skill level 10 in Shields
 14488 | Lair:1   | Reached skill level 18 in Axes
 14986 | Lair:1   | Noticed a five-headed hydra
 14996 | Lair:1   | Killed a nine-headed hydra
 15845 | Lair:2   | Found a staircase to the Snake Pit.
 16003 | Lair:2   | Noticed Amaemon
 16025 | Lair:2   | Killed Amaemon
 16026 | Lair:2   | Reached XP level 13. HP: 116/116 MP: 13/13
 16036 | Lair:2   | Reached skill level 10 in Dodging
 17627 | Lair:3   | Found a one-way gate to the infinite horrors of the Abyss.
 17629 | Lair:3   | Found a corrupted altar of Lugonu.
 18294 | Lair:3   | Found a staircase to the Swamp.
 19023 | Lair:4   | Reached skill level 15 in Armour
 19868 | D:4      | Bought a ring of resist corrosion for 200 gold pieces
 19868 | D:4      | Bought a scroll of identify for 20 gold pieces
 20580 | Lair:5   | Entered Level 5 of the Lair of Beasts
 20603 | Lair:5   | Found a staircase to the Slime Pits.
 20659 | Lair:5   | Reached XP level 14. HP: 52/127 MP: 14/14
 21003 | Lair:5   | Reached skill level 5 in Evocations
 21010 | Lair:5   | Reached skill level 5 in Throwing
 21643 | Lair:5   | Got the Atlas of Captivating Combustion
 22165 | Lair:5   | Identified the +7 war axe of Gloom {freeze, Drain rF+ rN+
                  | Int+7}
 22774 | D:12     | Found a staircase to the Orcish Mines.
 23157 | D:12     | Identified the ring "Qupi Wiu" {Will+ MP+9 Str+4 Dex-3}
 23578 | Orc:1    | Entered Level 1 of the Orcish Mines
 23696 | Orc:1    | Found a dark tunnel.
 23718 | Volcano  | Entered a volcano
 23767 | Volcano  | Noticed a stone giant
 23786 | Volcano  | Killed a stone giant
 23853 | Orc:1    | Found a frozen archway.
 23862 | IceCv    | Entered an ice cave
 24710 | Orc:1    | Found a roughly hewn altar of Beogh.
 25046 | Orc:2    | Entered Level 2 of the Orcish Mines
 25057 | Orc:2    | Found a staircase to the Elven Halls.
 25352 | Orc:2    | Paralysed by an orc sorcerer for 4 turns
 25365 | Orc:2    | Found a runed translucent door.
 25369 | Orc:2    | Noticed renven's ghost (journeyman MiBe)
 25661 | Orc:2    | Reached XP level 15. HP: 94/138 MP: 15/15
 26917 | Orc:2    | Reached skill level 15 in Fighting
 26936 | Orc:2    | Found Pisaesu's General Store.
 26936 | Orc:2    | Found Dyas's Distillery.
 26937 | Orc:2    | Found Deemy's Distillery.
 26937 | Orc:2    | Found Enwen's Jewellery Emporium.
 26949 | Orc:2    | Bought an amulet of regeneration for 480 gold pieces
 26964 | Orc:2    | Bought a potion of curing for 30 gold pieces
 26964 | Orc:2    | Bought a potion of curing for 30 gold pieces
 26964 | Orc:2    | Bought a potion of curing for 30 gold pieces
 26964 | Orc:2    | Bought a potion of flight for 30 gold pieces
 26964 | Orc:2    | Bought 2 potions of might for 80 gold pieces
 26964 | Orc:2    | Bought a potion of resistance for 100 gold pieces
 26964 | Orc:2    | Bought a potion of curing for 30 gold pieces
 26964 | Orc:2    | Bought a potion of curing for 30 gold pieces
 26965 | Orc:2    | Bought a potion of heal wounds for 55 gold pieces
 26969 | Orc:2    | Bought a potion of might for 60 gold pieces
 26969 | Orc:2    | Bought a potion of invisibility for 120 gold pieces
 26969 | Orc:2    | Bought a potion of resistance for 150 gold pieces
 26969 | Orc:2    | Bought 2 potions of curing for 90 gold pieces
 26969 | Orc:2    | Bought 2 potions of haste for 300 gold pieces
 27065 | Orc:2    | Noticed Nessos
 27088 | Orc:2    | Killed Nessos
 27305 | Orc:2    | Killed renven's ghost
 27554 | Lair:1   | Bought the +1 helmet "Fyopp" {Drain rC++ Dex+3} for 520
                  | gold pieces
 27623 | D:13     | Found an ancient bone altar of Kikubaaqudgha.
 28041 | D:13     | Noticed Jorgrun
 28057 | D:13     | Killed Jorgrun
 28333 | D:13     | Found a gate to the Vaults.
 28781 | D:14     | Found a transporter.
 28790 | D:14     | Found a transporter.
 28819 | D:14     | Noticed a cacodemon
 28819 | D:14     | Noticed Yolobob's ghost (journeyman DEFE)
 29547 | D:15     | Entered Level 15 of the Dungeon
 29570 | D:15     | Noticed Rupert
 29588 | D:15     | Slain by Rupert

Illustrated notes

Levels and vault maps discovered:
D:1:      dpeg_chamrin_arrival_tetris, layout_basic,
          dreamdust_ecumenical_altar_drowned_temple, st_stairs_12
D:2:      layout_basic, serial_park_tiny_2
D:3:      gammafunk_steamed_eel, layout_basic, eat_drink_and_be_merry_uskayaw
D:4:      layout_basic, kennysheep_flooded_box, nicolae_specific_store
D:5:      layout_cave_pools, minmay_temple_entry_statues_pillars,
          gup_sewer_entry_bowl, nicolae_ossuary_entry_catacombs
D:6:      layout_cave_pods, nicolae_shop_self_help
D:7:      layout_basic, lemuel_doored_altar, enter_bailey_7, dk_noncrumbling_4,
          nicolae_fountain_basement
D:8:      nicolae_cairo_tiling_large, layout_basic
D:9:      cheibrodos_two_vegetables, layout_basic, doesnt_xom_only_xom,
          hangedman_tell_no_tales
D:10:     layout_cave_pods, nicolae_overflow_crystal_walls,
          chequers_serial_rivers_micro_b, minmay_mirror_moons_of_madness,
          uniq_sonja
D:11:     layout_layer_cave, lair_entry_dummy, minmay_fire_ice_demons
D:12:     layout_loops_ring, erik_orc_4
D:13:     layout_long_grid, david_vaults_1, kiku_gazebo_garden_becter,
          uniq_jorgrun
D:14:     layout_loops_ring, gammafunk_ghost_abyssal_escape, serial_bayou_pond_d
D:15:     gammafunk_depths_entry_grave, layout_grid_maze,
          minmay_splitting_lines, ebering_ghost_reflecting_pool, uniq_rupert
Temple:   hc_temple_tempest_star
Lair:1:   kb_forest_paths, layout_regular_city, serial_bayou_pond_e
Lair:2:   layout_long_grid, minmay_snake_entry_guardpost_small,
          grunt_megastairs_2, uniq_amaemon
Lair:3:   layout_roguey, palyth_hydra_swamp_entry,
          amcnicky_altar_lugonu_corruption, serial_bayou_shore_b
Lair:4:   layout_misc_corridors, guppyfry_lair_drakes, serial_bayou_shore_b,
          serial_bayou_shore_b, lemuel_fruit_tree
Lair:5:   minmay_lair_end_enchanted_forest, layout_regular_city, slime_entry_1
Orc:1:    layout_diamond_mine, portal_ice_cave_entry_pillars_1,
          nicolae_volcano_entry_batcave, kennysheep_orc_chapel
Orc:2:    st_orc_pillars, layout_diamond_mine, gammafunk_ghost_grave,
          uniq_nessos

Skill      XL: |  1  2  3  4  5  6  7  8  9 10 11 12 13 14 15 |
---------------+----------------------------------------------+-----
Axes           | 3 4 5 6 7 11 14 16 17 18 | 18.0
Fighting       | 4 5 6 7 8 10 11 12 14 16 | 16.1
Armour         | 4 5 6 8 10 11 13 15 16 17 | 17.0
Shields        | 4 5 7 9 11 12 13 | 13.5
Dodging        | 1 3 5 6 7 9 11 | 11.0
Evocations     | 1 2 3 4 7 |  7.0
Throwing       | 1 2 3 4 7 8 |  8.9

Action                   |  1- 3 |  4- 6 |  7- 9 | 10-12 | 13-15 || total
-------------------------+-------+-------+-------+-------+-------++-------
Melee: War axe           |   145 |    73 |   463 |   328 |       ||  1009
       Broad axe         |       |       |       |   331 |  1241 ||  1572
       Demon whip        |       |       |       |       |    35 ||    35
Throw: Dart              |       |       |     2 |    34 |    46 ||    82
Invok: Potion Petition   |       |       |       |       |     1 ||     1
       Call Merchant     |       |       |       |       |     3 ||     3
Evoke: Wand              |       |     2 |     6 |     2 |    18 ||    28
       Phial of floods   |       |       |       |     1 |     1 ||     2
  Use: Scroll            |       |     7 |    11 |    10 |     7 ||    35
       Potion            |       |       |     6 |     1 |     4 ||    11
 Stab: Sleeping          |       |     1 |       |       |       ||     1
       Distracted        |       |       |     2 |     5 |     9 ||    16
       Paralysed         |       |       |       |     7 |    23 ||    30
Armor: Scale mail        |    49 |       |       |       |       ||    49
       Leather armour    |    12 |    15 |       |       |       ||    27
       Plate armour      |       |    21 |    69 |   279 |   563 ||   932
       Chain mail        |       |       |   177 |       |    12 ||   189
       Fire dragon scale |       |       |       |       |     6 ||     6
       Skin              |       |       |       |       |     5 ||     5
Dodge: Dodged            |    85 |    32 |   154 |   151 |   503 ||   925
Block: Buckler           |    30 |    17 |   103 |       |       ||   150
       Kite shield       |       |       |     8 |   286 |   706 ||  1000
